 Dungeon Sprint DCSS version 0.27.1-33-g824d729ab1 (webtiles) character file.

Game seed: 14165899438352457655

615 manyhoops the Basher (level 7, -11/52 HPs)
             Began as a Demonspawn Fighter on Nov 26, 2021.
             Was an Initiate of Qazlal.
             Mangled by Sonja (15 damage)
             ... in the Dungeon (Sprint I: "Red Sonja").
             The game lasted 00:02:08 (855 turns).

manyhoops the Basher (Demonspawn Fighter)            Turns: 855, Time: 00:02:08

Health: -11/52     AC: 11    Str: 19    XL:     7   Next: 21%
Magic:  7/7        EV:  4    Int:  9    God:    Qazlal [......]
Gold:   267        SH:  9    Dex: 12    Spells: 6/6 levels left

rFire    . . .     SeeInvis .   a - +0 flail
rCold    . . .     Faith    .   c - +0 kite shield
rNeg     . . .     Spirit   .   k - +0 chain mail
rPois    .         Reflect  .   (helmet restricted)
rElec    .         Harm     .   (no cloak)
rCorr    .         Rampage  .   g - +0 pair of gloves
Will     .....     NoTele   +   f - +0 pair of boots
Stlth    ..........             (no amulet)
HPRegen  0.17/turn              (no ring)
MPRegen  0.10/turn              (no ring)

@: no status effects
A: horns 1, demonic magic 2
a: Renounce Religion


You were in the Dungeon.
You worshipped Qazlal.
Qazlal was noncommittal.
You visited 1 branch You collected 383 gold pieces.
You spent 116 gold pieces at shops.

Inventory:

Hand Weapons
 a - a +0 flail (weapon)
Armour
 b - a +0 scale mail
 c - a +0 kite shield (worn)
 f - a +0 pair of boots (worn)
 g - a +0 pair of gloves (worn)
 k - a +0 chain mail (worn)
Wands
 d - a wand of polymorph (5)
Scrolls
 j - a scroll of blinking
Potions
 e - a potion of curing
 h - 2 potions of magic


   Skills:
 - Level 3.0 Fighting
 + Level 13.8 Maces & Flails
 - Level 2.6 Armour
 - Level 2.6 Shields


You had 6 spell levels left.
You didn't know any spells.
Your spell library was empty.

Dungeon Overview and Level Annotations

Branches:
Dungeon (1/1)

Altars:
Cheibriados
Dithmenos
Elyvilon
Fedhas
Gozag
Hepliaklqana
Kikubaaqudgha
Makhleb
Nemelex Xobeh
Okawaru
Qazlal
Ru
Sif Muna
Trog
Uskayaw
Vehumet
Wu Jian
Xom
Yredelemnul
Zin
The Shining One
Jiyva
Lugonu

Shops:
D [

Annotations:
D Sonja


Innate Abilities, Weirdness & Mutations

You have a pair of small horns on your head.
Spells you cast may paralyse nearby enemies.


Message History

There is a radiant altar of Vehumet here.
You open the door.
Sonja, the Graceful Assassin comes into view.
She is wielding a +1 dagger of distortion and quivering curare-tipped darts.
Sonja throws a curare-tipped dart.
You block the curare-tipped dart.
Found 54 gold pieces.
Which direction?
You close the door.
Sonja opens the door.
There is an open door here.
Sonja throws a curare-tipped dart.
The curare-tipped dart barely misses you.
You close the door.
You start waiting.
Sonja is nearby!
Okay, then.
You closely miss Sonja. Your headbutt misses Sonja.
You block Sonja's attack. x2
Sonja hits you with a +1 dagger of distortion.
Space bends around you!
You miss Sonja.
Sonja gestures wildly while chanting.
Sonja blinks!
You close the door.
You start resting.
Something unseen opens the door.
You start resting.
Sonja is nearby!
You completely miss Sonja.
Sonja hits you with a +1 dagger of distortion.
Space bends around you. Sonja hits you but does no damage.
Space bends around you. Sonja hits you but does no damage.
Space warps horribly around you!
Sonja hits you with a +1 dagger of distortion.
* * * LOW HITPOINT WARNING * * *
Space warps horribly around you.
* * * LOW HITPOINT WARNING * * *
You block Sonja's attack. Sonja hits you but does no damage.
Space bends around you.
* * * LOW HITPOINT WARNING * * *
You miss Sonja. Your headbutt misses Sonja. Sonja closely misses you.
Sonja hits you but does no damage. Space warps horribly around you!
You die...

######################
#<.#..)..#.)'..#__#..+
#..)..#..'..#..'..'..#
#..#####+#####'#__####
#..#### #...#.####
#..#__####@.##)#
#..#_____##K#_.+
#⌠⌠#_.∩...'..._#
####_..__##_.#'#
#_____###'#.# #######
.### .$ .$# .##


You could see Sonja.

Vanquished Creatures
  A slime creature (D)
  Sigmund (D)
  A yak (D)
  An ogre (D)
  A jelly (D)
  Ijyb (D)
6 creatures vanquished.

Vanquished Creatures (others)
  A gargoyle (D)
1 creature vanquished.

Grand Total: 7 creatures vanquished

Notes
Turn   | Place    | Note
-------+----------+-------------------------------------------
     0 | D        | manyhoops the Demonspawn Fighter began the quest for the
                  | Orb.
     0 | D        | Reached XP level 1. HP: 18/18 MP: 1/1
     1 | D        | Noticed Ijyb
    12 | D        | Killed Ijyb
    13 | D        | Reached skill level 5 in Maces & Flails
    13 | D        | Gained mutation: Spells you cast may paralyse adjacent
                  | enemies. [demonic ancestry]
    13 | D        | Reached XP level 2. HP: 14/24 MP: 2/2
   151 | D        | Noticed an ogre
   157 | D        | Killed an ogre
   158 | D        | Reached skill level 8 in Maces & Flails
   158 | D        | Gained mutation: You have a pair of small horns on your
                  | head. [demonic ancestry]
   158 | D        | Reached XP level 3. HP: 29/29 MP: 3/3
   158 | D        | Reached XP level 4. HP: 35/35 MP: 4/4
   191 | D        | Noticed Sigmund
   199 | D        | Killed Sigmund
   200 | D        | Reached skill level 11 in Maces & Flails
   200 | D        | Reached XP level 5. HP: 23/41 MP: 5/5
   365 | D        | Found an ornate altar of the Wu Jian Council.
   365 | D        | Found a shimmering blue altar of Sif Muna.
   367 | D        | Found a radiant altar of Vehumet.
   372 | D        | Reached XP level 6. HP: 33/47 MP: 6/6
   462 | D        | Found Axuu's Armour Emporium.
   462 | D        | Found an ancient bone altar of Kikubaaqudgha.
   462 | D        | Found a hazy altar of Hepliaklqana.
   462 | D        | Found a stormy altar of Qazlal.
   462 | D        | Found a hide-covered altar of Uskayaw.
   462 | D        | Found a blossoming altar of Fedhas.
   462 | D        | Found a bloodstained altar of Trog.
   462 | D        | Found an iron altar of Okawaru.
   462 | D        | Found a basalt altar of Yredelemnul.
   462 | D        | Found a snail-covered altar of Cheibriados.
   462 | D        | Found a sacrificial altar of Ru.
   462 | D        | Found a shadowy altar of Dithmenos.
   462 | D        | Noticed a yak
   471 | D        | Killed a yak
   472 | D        | Reached skill level 12 in Maces & Flails
   472 | D        | Found an opulent altar of Gozag.
   473 | D        | Found a sparkling altar of Nemelex Xobeh.
   547 | D        | Became a worshipper of Qazlal Stormbringer
   573 | D        | Killed a gargoyle
   723 | D        | Found a viscous altar of Jiyva.
   723 | D        | Found a corrupted altar of Lugonu.
   723 | D        | Noticed a slime creature
   724 | D        | Found a burning altar of Makhleb.
   724 | D        | Found a shimmering altar of Xom.
   733 | D        | Killed a slime creature
   734 | D        | Reached skill level 13 in Maces & Flails
   734 | D        | Gained mutation: Spells you cast may paralyse nearby
                  | enemies. [demonic ancestry]
   734 | D        | Reached XP level 7. HP: 43/52 MP: 7/7
   814 | D        | Bought a +0 pair of boots for 58 gold pieces
   814 | D        | Bought a +0 pair of gloves for 58 gold pieces
   842 | D        | Noticed Sonja
   855 | D        | Mangled by Sonja

Illustrated notes

Levels and vault maps discovered:
D:        dungeon_sprint_1 [red_sonja_temple_1, red_sonja_temple_small_1]

Skill      XL: |  1  2  3  4  5  6 |
---------------+-------------------+-----
Maces & Flails | 5 8 11 13 | 13.8
Fighting       | |  3.0
Armour         | |  2.6
Shields        | |  2.6

Action                   |  1- 3 |  4- 6 |  7- 9 || total
-------------------------+-------+-------+-------++-------
Melee: Unarmed           |     8 |       |       ||     8
       Flail             |     7 |    26 |     4 ||    37
       Headbutt          |       |     8 |       ||     8
  Use: Potion            |     2 |     2 |       ||     4
Armor: Skin              |     2 |       |       ||     2
       Chain mail        |       |     1 |     4 ||     5
Dodge: Dodged            |     3 |     1 |     2 ||     6
Block: Kite shield       |     2 |     5 |     4 ||    11
